Map: [ESL] Site Delta

Players

Epic - Winner!

  • Race: Terran Terran
  • Spawn Location: 11:00

SpeCial

  • Race: Terran Terran
  • Spawn Location: 5:00

Event: ESL SC2 Masters 2024 Spring (Regional)

VOD

Have the link to the VOD?

Description

Time

  • Played on: April 12, 2024, 3:49 p.m.
  • Length: 7:19

All games in this series

Show
View Real Time Build Order
Export as new Build Order

Epic Terran - Winner!

Build Orders: Cyclone Opening 

Get SALT Encoding   

  12  0:00  SCV  
  13  0:12  SCV  
  14  0:16  Supply Depot  
  14  0:24  SCV  
  15  0:38  SCV  
  15  0:39  Barracks  
  16  0:42  Refinery  
  16  0:50  SCV  
  16  0:52  Refinery  
  17  1:02  SCV  
  18  1:14  SCV  
  19  1:26  Orbital Command, Reaper  
  19  1:27  Supply Depot  
  20  1:40  Factory  
  20  1:52  SCV  
  21  1:58  Reaper  
  22  2:04  SCV  
  23  2:14  Command Center  
  23  2:16  SCV  
  24  2:23  Cyclone  
  26  2:31  SCV  
  26  2:32  Barracks Reactor  
  27  2:40  Supply Depot  
  27  2:43  SCV  
  28  2:50  Starport  
  28  2:55  SCV  
  28  2:57  Factory Tech Lab  
  29  3:07  SCV, Marine  
  29  3:08  Marine  
  32  3:15  Siege Tank  
  32  3:19  SCV  
  36  3:27  Orbital Command  
  36  3:31  Refinery  
  36  3:32  Medivac  
  36  3:33  SCV  
  39  3:35  Marine  
  39  3:39  Marine  
  41  3:45  Supply Depot  
  41  3:46  SCV  
  42  3:53  SCV, Siege Tank  
  46  3:58  SCV  
  47  4:03  Viking  
  47  4:07  SCV  
  47  4:09  Marine  
  51  4:10  SCV  
  51  4:11  Marine  
  51  4:15  Supply Depot  
  53  4:20  SCV  
  53  4:22  SCV  
  55  4:25  Siege Tank  
  55  4:31  Marine x2  
  60  4:34  SCV  
  60  4:35  SCV  
  58  4:39  Viking  
  60  4:47  SCV x2  
  60  4:49  Marine x2  
  64  5:00  SCV  
  64  5:01  Siege Tank  
  64  5:06  SCV  
  64  5:07  Marine  
  70  5:15  SCV  
  70  5:16  Marine  
  70  5:19  Starport Tech Lab  
  70  5:21  SCV  
  68  5:22  Supply Depot  
  68  5:27  SCV  
  68  5:29  Command Center  
  68  5:33  SCV  
  69  5:39  SCV  
  69  5:43  Siege Tank, Raven  
  69  5:44  Marine x2  
  69  5:45  SCV  
  69  5:46  Supply Depot  
  76  5:51  Refinery  
  76  5:52  Supply Depot x2  
  76  5:56  SCV  
  77  5:57  SCV  
  78  6:05  Marine x2  
  78  6:10  SCV x2  
  79  6:15  Siege Tank  
  80  6:18  Barracks  
  80  6:23  SCV x2  
  76  6:34  Marine x2  
  76  6:35  SCV x2  
  76  6:39  Raven  
  75  6:47  SCV  
  75  6:48  SCV  
  75  6:52  Orbital Command  
  77  6:59  Marine x2  
  77  7:00  SCV x2  
  80  7:08  Barracks  
Show
View Real Time Build Order
Export as new Build Order

SpeCial Terran 

Build Orders: Cyclone Opening 

Get SALT Encoding   

  12  0:00  SCV  
  13  0:12  SCV  
  14  0:18  Supply Depot  
  14  0:24  SCV  
  15  0:39  SCV  
  15  0:41  Barracks  
  16  0:44  Refinery  
  16  0:51  SCV  
  16  0:53  Refinery  
  17  1:03  SCV  
  18  1:16  SCV  
  19  1:29  Orbital Command, Reaper  
  19  1:30  Supply Depot  
  20  1:43  Factory  
  20  1:55  SCV  
  20  2:01  Barracks Reactor  
  21  2:07  SCV  
  22  2:19  SCV  
  23  2:31  SCV  
  23  2:35  Command Center  
  24  2:39  Starport  
  25  2:44  Cyclone  
  25  2:47  Cyclone  
  25  2:51  SCV  
  30  2:59  Barracks Tech Lab  
  30  3:03  SCV  
  30  3:04  Supply Depot  
  30  3:15  SCV  
  34  3:27  SCV  
  34  3:28  Medivac  
  34  3:29  Interference Matrix  
  34  3:30  Cyclone  
  35  3:36  Refinery  
  35  3:38  Cyclone  
  35  3:39  SCV  
  38  3:51  SCV  
  39  4:03  SCV  
  39  4:05  Orbital Command  
  39  4:07  Raven  
  42  4:14  Barracks Tech Lab  
  42  4:15  SCV  
  43  4:20  Command Center  
  43  4:26  Cyclone  
  43  4:31  Cyclone  
  47  4:35  SCV x2  
  49  4:43  Raven, Marine  
  50  4:49  SCV  
  49  5:01  SCV, Marine  
  48  5:07  Cyclone  
  48  5:13  SCV, Orbital Command  
  47  5:21  Raven  
  45  5:25  SCV  
  44  5:32  Cyclone  
  44  5:34  Marine  
  47  5:37  SCV  
  47  5:39  Cyclone  
  49  5:43  SCV  
  49  5:49  SCV  
  51  5:55  SCV  
  51  5:56  Command Center  
  52  6:01  SCV  
  53  6:07  SCV  
  54  6:21  Supply Depot  
  54  6:28  SCV, Cyclone  
  54  6:33  Marine  
  54  6:36  SCV, Raven  
  54  6:38  Cyclone  
  54  6:42  SCV  
  55  6:50  Orbital Command  
  55  6:51  Marine  
  53  6:55  SCV  
Tags
 
Add a new tag
Caveats
  • Supply blocks, unpowered buildings, or Contaminate may cause inaccurate times.
  • Supply counts are checked every 10 seconds.